 Dungeon Crawl Stone Soup version 0.26.1-10-gdfb7c7de75 (webtiles) character file.

Game seed: 15441735085121403252

141792 Chiseanne the Eclecticist (level 16, -3/118 HPs)
             Began as a Demonspawn Hedge Wizard on Apr 11, 2021.
             Was the Champion of Vehumet.
             Killed from afar by Mara (25 damage)
             ... with a bolt of fire
             ... on level 3 of the Spider Nest on Apr 12, 2021.
             The game lasted 02:16:13 (42584 turns).

Chiseanne the Eclecticist (DsWz)                   Turns: 42584, Time: 02:16:14

Health: -3/118     AC:  4    Str: 11    XL:     16   Next: 79%
Magic:  16/37      EV: 15    Int: 28    God:    Vehumet [******]
Gold:   1417       SH:  6    Dex: 13    Spells: 15/49 levels left

rFire    + . .     SeeInvis .   a - +9 dagger (venom)
rCold    + . .     Faith    +   H - +0 buckler
rNeg     . . .     Spirit   .   i - +1 troll leather armour
rPois    +         Reflect  .   c - +0 helmet
rElec    .         Harm     .   X - +0 cloak
rCorr    .         Rampage  .   J - +0 pair of gloves
Will     +++..                  (no boots)
Stlth    ++........             P - amulet of faith
HPRegen  3.69/turn              j - ring "Enyrag" {*Corrode rPois rF+ rC+ Int+3}
MPRegen  0.25/turn              Q - ring of the Mage {Wiz Will++ Int+3}

@: mighty, corroded, sanguine armour
A: talons 2, powered by death 2, powered by pain 1, sanguine armour 3
a: Renounce Religion


You were on level 3 of the Spider Nest.
You worshipped Vehumet.
Vehumet was exalted by your worship.
You visited 5 branches of the dungeon, and saw 28 of its levels.

You collected 2681 gold pieces.
You spent 1264 gold pieces at shops.

Inventory:

Hand Weapons
 a - a +9 dagger of venom (weapon)
 d - a +2 war axe of flaming
 s - the +5 hand axe of Sesilier {chaos, Int+7}
   (You found it on level 7 of the Dungeon)

   Each time it hits an enemy it has a different, random effect.
   It affects your intelligence (+7).
Missiles
 r - 15 bolts
 y - 8 silver boomerangs
 z - 37 boomerangs
 B - a throwing net
 E - 71 poisoned darts (quivered)
 M - 9 boomerangs of dispersal
 U - 9 curare-tipped darts
Armour
 c - a +0 helmet (worn)
 i - a +1 troll leather armour (worn)
 H - a +0 buckler (worn)
 J - a +0 pair of gloves (worn)
 X - a +0 cloak (worn)
Jewellery
 j - the ring "Enyrag" (left hand) {*Corrode rPois rF+ rC+ Int+3}
   (You acquired it on level 2 of the Orcish Mines)

   [ring of protection from cold]

   It affects your intelligence (+3).
   It protects you from fire.
   It protects you from cold.
   It protects you from poison.
   It may corrode you when you take damage.
 l - an uncursed ring of resist corrosion {unknown}
 t - an uncursed ring of see invisible
 F - an uncursed amulet of magic regeneration {unknown}
 P - an amulet of faith (around neck)
 Q - the ring of the Mage (right hand) {Wiz Will++ Int+3}
   (You took it off Psyche on level 11 of the Dungeon)

   [ring of wizardry]

   It improves your spell success rate.
   It affects your intelligence (+3).
   It affects your willpower, your defense against some magical effects.
Wands
 b - a wand of iceblast (34)
 m - a wand of enslavement (10)
 x - a wand of digging (11)
 G - a wand of paralysis (13)
 O - a wand of acid (15)
 S - a wand of flame (25)
Scrolls
 h - a scroll of brand weapon
 k - a scroll of silence
 n - 9 scrolls of teleportation
 o - 12 scrolls of identify
 u - 16 scrolls of remove curse
 v - 11 scrolls of magic mapping
 w - 4 scrolls of fog
 A - a scroll of immolation
 C - 2 scrolls of fear
Potions
 f - 5 potions of haste
 g - 3 potions of heal wounds
 p - 2 potions of brilliance
 q - 7 potions of curing
 D - 5 potions of flight
 I - 3 potions of cancellation
 L - 2 potions of berserk rage
 W - 2 potions of might
Miscellaneous
 e - a tin of tremorstones (2/2)
 K - a lightning rod (4/4)
 Y - a box of beasts


   Skills:
 - Level 8.3 Fighting
 - Level 6.6 Dodging
 - Level 1.7 Stealth
 - Level 7.5 Shields
 - Level 17.0 Spellcasting
 - Level 11.3 Conjurations
 - Level 1.0 Summonings
 - Level 7.3 Translocations
 - Level 7.1 Fire Magic
 * Level 11.3 Air Magic
 - Level 5.0 Poison Magic


You had 15 spell levels left.
You knew the following spells:

 Your Spells              Type           Power        Failure   Level
a - Magic Dart            Conj           100%         1%          1
b - Searing Ray           Conj           100%         1%          2
c - Iskenderun's Mystic   Conj/Tloc      66%          1%          4
d - Mephitic Cloud        Conj/Pois/Air  66%          1%          3
e - Sticky Flame          Conj/Fire      66%          1%          4
f - Bolt of Magma         Conj/Fire/Erth 27%          1%          5
g - Ignite Poison         Fire/Tmut/Pois 46%          1%          3
h - Olgreb's Toxic Radia  Pois           51%          1%          4
i - Freezing Cloud        Conj/Ice/Air   30%          2%          6
j - Blink                 Tloc           N/A          1%          2

Your spell library contained the following spells:

 Spells                   Type           Power        Failure   Level
 Eringya's Noxious Bog    Tmut/Pois      18%          14%         6
 Animate Skeleton         Necr           46%          1%          1
 Beastly Appendage        Tmut           46%          1%          1
 Corona                   Hex            25%          1%          1
 Sting                    Tmut/Pois      100%         1%          1
 Call Imp                 Summ           29%          1%          2
 Corpse Rot               Necr/Air       N/A          1%          2
 Poisonous Vapours        Pois/Air       100%         1%          2
 Slow                     Hex            23%          1%          2
 Wereblood                Tmut           23%          1%          2
 Conjure Flame            Conj/Fire      66%          1%          3
 Dazzling Flash           Conj/Hex       100%         1%          3
 Gell's Gravitas          Tloc           30%          1%          3
 Inner Flame              Hex/Fire       43%          1%          3
 Portal Projectile        Hex/Tloc       88%          1%          3
 Spider Form              Tmut/Pois      18%          1%          3
 Fulminant Prism          Conj/Hex       26%          1%          4
 Summon Lightning Spire   Summ/Air       55%          1%          4
 Conjure Ball Lightning   Conj/Air       36%          1%          6
 Silence                  Hex/Air        26%          2%          5
 Confusing Touch          Hex            23%          3%          3
 Iron Shot                Conj/Erth      26%          4%          6
 Yara's Violent Unravell  Hex/Tmut       11%          8%          5
 Animate Dead             Necr           11%          11%         4
 Cause Fear               Hex            11%          11%         4
 Ice Form                 Ice/Tmut       23%          11%         4
 Leda's Liquefaction      Hex/Erth       11%          11%         4
 Petrify                  Tmut/Erth      23%          11%         4
 Blade Hands              Tmut           11%          26%         5
 Borgnjor's Vile Clutch   Necr/Erth      11%          26%         5
 Metabolic Englaciation   Hex/Ice        11%          26%         5
 Death Channel            Necr           11%          80%         6
 Simulacrum               Ice/Necr       11%          80%         6
 Statue Form              Tmut/Erth      15%          80%         6
 Tornado                  Air            36%          88%         9
 Shatter                  Erth           11%          100%        9


Dungeon Overview and Level Annotations

Branches:
Dungeon (15/15)            Temple (1/1) D:5            Lair (6/6) D:8
 Shoals (0/4) Lair:4       Spider (4/4) Lair:2        Slime (0/5) Lair:5
    Orc (2/2) D:12            Elf (0/3) Orc:2        Vaults (0/5) D:13
 Depths (0/5) D:15

Altars:
Ashenzari
Cheibriados
Dithmenos
Elyvilon
Fedhas
Gozag
Hepliaklqana
Kikubaaqudgha
Makhleb
Nemelex Xobeh
Okawaru
Qazlal
Ru
Sif Muna
Trog
Uskayaw
Vehumet
Wu Jian
Xom
Yredelemnul
Zin
The Shining One
Beogh

Shops:
D:6 (   D:9 :   Orc:2 [(*:

Annotations:
D:12 2 transporters, exclusion: downstairs
Spider:1 Roxanne
Spider:2 exclusion: downstairs
Spider:3 Mara
Orc:2 exclusion: 2 upstairs


Innate Abilities, Weirdness & Mutations

You have razor-sharp toenails.
You regenerate health from kills.
You sometimes gain a little power by taking damage.
When seriously injured, your bleeding wounds create very thick armour. (AC +12)


Message History

The entropy weaver hits you!
* * * LOW HITPOINT WARNING * * *
You focus on the pain.
You feel very mighty all of a sudden. The entropy weaver hits you!
* * * LOW HITPOINT WARNING * * *
You block the entropy weaver's attack. The entropy weaver hits you.
* * * LOW HITPOINT WARNING * * *
The entropy weaver completely misses you.
Casting: Olgreb's Toxic Radiance (safe; 1% risk of failure)
Confirm with . or Enter, or press ? or * to list all spells.
You ignite the poison in your surroundings!
The entropy weaver seems to burn from within!!
You kill the entropy weaver!
Vehumet accepts your kill.
You feel your power returning.
Your toxic aura wanes.
Mara gestures at you. The bolt of fire hits you!! You resist.
You die...

...##.#......####...#..###.#.#...
....#.#.^...}^....##.#..#†.#....#
#.#..#......^#.......#...#..###.
..#.#.....##.#..#.##......#.#
..#...##^#.....#.....#^#..#.#
..#.#.####.#..#..#R#..##....#
###......#^..#...#..#.#..####
≈..##.#..##..#.#..#.#.#...
##.#^.##.....##.@###..#.#.
#..###.....#..#......^#.#..
≈.......##....##...###≈#^......
###.#..##).##.>##.#...###..###.
≈.#...##...#.#.......#.....#
#...^##.....##..#..#.#...#...
≈....#...#^>..^.##...####..#.#
≈≈#####..#..#.#..#....# ...# #≈≈#
#..#...##..#..#.# .##


You could see Mara.

Vanquished Creatures
  Jorgrun (D:13)
  Gastronok (Lair:3)
  Kirke (Spider:1)
  Agnes (D:14)
  An emperor scorpion (Spider:1)
  Nessos (D:13)
  Azrael (Spider:1)
  2 entropy weavers
  3 dire elephants (Lair:6)
  A yaktaur captain (D:14)
  An anaconda (Lair:6)
  11 hydras
  3 boulder beetles
  5 centaur warriors
  A catoblepas (Lair:4)
  4 two-headed ogres
  9 death yaks
  3 orc high priests (Orc:2)
  A tengu warrior (D:15)
  A deep troll earth mage (D:14)
  Nergalle (D:11)
  Sonja (Orc:2)
  3 unseen horrors
  2 wizards (D:15)
  11 orb spiders
  An oklob plant (Lair:1)
  8 orc knights
  3 cyclopes
  6 deep elf magi
  11 wolf spiders
  2 manticores
  8 orc sorcerers
  14 ugly things
  2 necromancers
  2 torpor snails
  10 elephants
  10 black mambas
  Psyche (D:11)
  2 gargoyles
  17 cane toads
  3 efreet
  A rime drake (Lair:4)
  A tengu conjurer (D:15)
  4 komodo dragons
  6 demonic crawlers
  A polar bear (shapeshifter) (D:14)
  20 jumping spiders
  3 meliai (D:14)
  A troll (shapeshifter) (D:15)
  2 polar bears (Lair:3)
  4 hornets
  11 trolls
  10 blink frogs
  8 slime creatures
  A spriggan (Lair:4)
  25 tarantellas
  2 centaur simulacra
  2 vampires
  46 redbacks
  7 wyverns
  2 wraiths
  73 yaks
  17 humans
  A fire elemental (Spider:1)
  6 basilisks
  3 hogs (Spider:1)
  4 vampire mosquitoes
  3 soldier ants
  3 hell hounds (Spider:1)
  2 acid dragons
  19 water moccasins
  A hornet zombie (D:12)
  An eye of draining (D:14)
  8 black bears (Lair:1)
  25 orc warriors
  A phantom (D:8)
  5 ice beasts
  11 ogres
  2 sky beasts
  12 centaurs
  17 wolves
  A big kobold (D:13)
  17 bullfrogs
  A gnoll sergeant (D:13)
  5 scorpions
  A wyvern skeleton (D:12)
  11 killer bees
  5 electric eels
  4 wights (D:10)
  A howler monkey (D:3)
  2 quasits
  4 centaur zombies
  5 jellies
  5 bullfrog zombies
  3 hounds
  16 orc priests
  19 orc wizards
  6 centaur skeletons
  6 iguanas
  16 worker ants
  A yak simulacrum (Lair:3)
  3 polar bear simulacra (Lair:3)
  2 wolf simulacra (Lair:3)
  A hound skeleton (D:6)
  A worker ant zombie (D:5)
  4 gnolls (D:5)
  19 adders
  A shadow imp (D:9)
  14 white imps
  3 ufetubi
  2 adder zombies
  6 oozes
  5 worms
  3 dart slugs
  2 leopard geckos
  79 orcs
  2 ball pythons
  7 giant cockroaches
  6 goblins
  9 hobgoblins
  10 jackals
  5 quokkas
  5 bats
  4 frilled lizards
  17 kobolds
  2 quokka skeletons
  8 rats
  5 river rat simulacra (Lair:3)
895 creatures vanquished.

Vanquished Creatures (others)
  An unseen horror (D:13)
  A human (Spider:1)
  An orc warrior (Orc:2)
  2 bushes
  51 fungi
  94 plants
150 creatures vanquished.

Grand Total: 1045 creatures vanquished

Notes
Turn   | Place    | Note
-------+----------+-------------------------------------------
     0 | D:1      | Chiseanne the Demonspawn Hedge Wizard began the quest for
                  | the Orb.
     0 | D:1      | Reached XP level 1. HP: 13/13 MP: 4/4
   328 | D:1      | Gained mutation: When seriously injured, your bleeding
                  | wounds create armour. (AC +12) [demonic ancestry]
   328 | D:1      | Reached XP level 2. HP: 19/19 MP: 1/6
  1139 | D:1      | Reached XP level 3. HP: 24/24 MP: 4/8
  2063 | D:2      | Gained mutation: You regenerate a little health from kills.
                  | [demonic ancestry]
  2063 | D:2      | Reached XP level 4. HP: 30/30 MP: 6/9
  2417 | D:2      | You fall into a shaft and drop 2 floors!
  2417 | D:4      | Found an ancient bone altar of Kikubaaqudgha.
  2417 | D:4      | Found a shadowy altar of Dithmenos.
  2422 | D:4      | Learned a level 2 spell: Blink
  2426 | D:4      | Learned a level 3 spell: Mephitic Cloud
  2466 | D:4      | Noticed an ogre
  2478 | D:4      | Killed an ogre
  2479 | D:4      | Reached skill level 4 in Spellcasting
  2479 | D:4      | Reached skill level 1 in Air Magic
  2479 | D:4      | Reached skill level 1 in Poison Magic
  2479 | D:4      | Gained mutation: You sometimes gain a little power by
                  | taking damage. [demonic ancestry]
  2479 | D:4      | Reached XP level 5. HP: 15/35 MP: 1/11
  4054 | D:3      | Found an ornate altar of the Wu Jian Council.
  4259 | D:3      | Reached XP level 6. HP: 41/41 MP: 4/12
  4396 | D:4      | Got a masterwork short sword
  4400 | D:4      | Identified the +2 short sword "Wyotaf" {vorpal, Str+4} (You
                  | found it on level 4 of the Dungeon)
  5502 | D:5      | Entered Level 5 of the Dungeon
  5650 | D:5      | Found a staircase to the Ecumenical Temple.
  5677 | D:5      | Reached XP level 7. HP: 40/46 MP: 6/14
  5688 | Temple   | Entered the Ecumenical Temple
  5762 | Temple   | Became a worshipper of Vehumet
  5822 | D:5      | Found a glowing golden altar of the Shining One.
  5824 | D:5      | Found a white marble altar of Elyvilon.
  5826 | D:5      | Found a glowing silver altar of Zin.
  6378 | D:6      | Reached skill level 5 in Spellcasting
  6431 | D:6      | Reached skill level 1 in Fighting
  6923 | D:6      | Gained mutation: When seriously injured, your bleeding
                  | wounds create thick armour. (AC +12) [demonic ancestry]
  6923 | D:6      | Reached XP level 8. HP: 28/56 MP: 11/16
  7127 | D:6      | Reached skill level 5 in Conjurations
  7573 | D:6      | Found a blossoming altar of Fedhas.
  7590 | D:6      | Found Loestrob's Weapon Shop.
  7812 | D:6      | Reached skill level 1 in Translocations
  8490 | D:7      | Got a translucent hand axe
  8500 | D:7      | Identified the +5 hand axe of Sesilier {chaos, Int+7} (You
                  | found it on level 7 of the Dungeon)
  8591 | D:7      | Killed an unseen horror
  8592 | D:7      | Reached skill level 6 in Spellcasting
  8592 | D:7      | Gained mutation: When seriously injured, your bleeding
                  | wounds create very thick armour. (AC +12) [demonic
                  | ancestry]
  8592 | D:7      | Reached XP level 9. HP: 62/65 MP: 3/18
  9581 | D:8      | Identified the Grimoire of Unholy Arts and the Voyage
  9617 | D:8      | Learned a level 4 spell: Iskenderun's Mystic Blast
  9620 | D:8      | Learned a level 2 spell: Corpse Rot
  9808 | D:8      | Found a staircase to the Lair.
  9858 | D:7      | Chiseanne: stupid fuckers
 10140 | D:8      | Reached * piety under Vehumet
 10140 | D:8      | Offered knowledge of Foxfire by Vehumet.
 10581 | D:8      | Reached skill level 5 in Fighting
 10927 | D:8      | Reached skill level 5 in Dodging
 10927 | D:8      | Reached skill level 7 in Spellcasting
 11239 | D:8      | Gained mutation: You have sharp toenails. [demonic
                  | ancestry]
 11239 | D:8      | Reached XP level 10. HP: 53/74 MP: 12/20
 11985 | D:9      | Found Huatif's Book Boutique.
 12037 | D:9      | Found a bloodstained altar of Trog.
 12109 | D:9      | Noticed an orc sorcerer
 12113 | D:9      | Noticed an orc sorcerer
 12113 | D:9      | Noticed a deep elf mage
 12254 | D:9      | Killed an orc sorcerer
 12255 | D:9      | Killed a deep elf mage
 12514 | D:9      | Noticed a deep elf mage
 12530 | D:9      | Killed a deep elf mage
 12540 | D:9      | Reached skill level 5 in Translocations
 12705 | D:9      | Reached ** piety under Vehumet
 12836 | D:9      | Found a burning altar of Makhleb.
 12856 | D:9      | Offered knowledge of Sandblast by Vehumet.
 12869 | D:9      | Learned a level 2 spell: Searing Ray
 12954 | D:9      | Noticed a deep elf mage
 12955 | D:9      | Noticed a manticore
 12961 | D:9      | Killed a deep elf mage
 13284 | D:9      | Got a slimy ring mail
 13306 | D:9      | Paralysed by an orc sorcerer for 2 turns
 13309 | D:9      | Killed a manticore
 13310 | D:9      | Reached skill level 8 in Spellcasting
 13321 | D:9      | Chiseanne: yeah right..you never hit again..fuck you
 13435 | D:9      | Killed an orc sorcerer
 13507 | D:9      | Found a hazy altar of Hepliaklqana.
 13640 | D:9      | Reached XP level 11. HP: 72/83 MP: 17/23
 13728 | D:9      | Identified the +4 ring mail of Naeth {Dex+2} (You found it
                  | on level 9 of the Dungeon)
 13760 | D:10     | Entered Level 10 of the Dungeon
 14442 | D:10     | Offered knowledge of Frozen Ramparts by Vehumet.
 14721 | D:9      | Bought a Young Poisoner's Handbook for 640 gold pieces
 14726 | D:9      | Learned a level 3 spell: Ignite Poison
 15047 | D:10     | Reached *** piety under Vehumet
 15208 | D:11     | Noticed a four-headed hydra
 15315 | D:11     | Noticed Nergalle
 15322 | D:11     | Noticed Psyche
 15328 | D:11     | Killed Nergalle
 15329 | D:11     | Reached skill level 1 in Fire Magic
 15445 | D:11     | Noticed a two-headed ogre
 15669 | D:11     | Killed a four-headed hydra
 15738 | D:11     | Noticed a five-headed hydra
 15831 | D:11     | Offered knowledge of Airstrike by Vehumet.
 15941 | D:11     | Killed a two-headed ogre
 16227 | D:11     | Noticed an unseen horror
 16232 | D:11     | Noticed an unseen horror
 16245 | D:11     | Killed an unseen horror
 16250 | D:11     | Killed an unseen horror
 16534 | D:10     | Chiseanne: yeah right, fuckers
 16590 | D:11     | Killed Psyche
 16684 | D:11     | Reached skill level 9 in Spellcasting
 16686 | D:11     | Reached **** piety under Vehumet
 16811 | D:11     | Killed a five-headed hydra
 17228 | D:12     | Learned a level 4 spell: Olgreb's Toxic Radiance
 17256 | D:12     | Reached XP level 12. HP: 92/92 MP: 17/25
 17549 | D:12     | Found a transporter.
 17554 | D:12     | Noticed an orc high priest
 17557 | D:12     | Found a roughly hewn altar of Beogh.
 17557 | D:12     | Found a transporter.
 17648 | D:12     | Found a basalt altar of Yredelemnul.
 18104 | D:12     | Found a staircase to the Orcish Mines.
 18747 | D:13     | Found a gate to the Vaults.
 18747 | D:13     | Noticed a centaur warrior
 18747 | D:13     | Noticed Nessos
 18747 | D:13     | Noticed a two-headed ogre
 19003 | D:13     | Noticed a centaur warrior
 19003 | D:13     | Noticed a centaur warrior
 19016 | D:13     | Killed a centaur warrior
 19329 | Orc:1    | Entered Level 1 of the Orcish Mines
 19658 | Orc:2    | Entered Level 2 of the Orcish Mines
 19658 | Orc:2    | Found a staircase to the Elven Halls.
 19935 | Orc:2    | Noticed Sonja
 19938 | Orc:2    | Killed Sonja
 19938 | Orc:2    | Offered knowledge of Sticky Flame by Vehumet.
 20117 | Orc:2    | Learned a level 4 spell: Sticky Flame
 20513 | Orc:2    | Paralysed by an orc sorcerer for 4 turns
 20527 | Orc:2    | Noticed an orc high priest
 20728 | Orc:1    | Reached skill level 10 in Conjurations
 20857 | Orc:1    | Found a roughly hewn altar of Beogh.
 20870 | Orc:1    | Reached skill level 5 in Fire Magic
 21465 | Orc:1    | Found a roughly hewn altar of Beogh.
 21552 | Orc:2    | Reached skill level 10 in Spellcasting
 21559 | Orc:2    | Reached skill level 5 in Poison Magic
 21699 | Orc:2    | Reached ***** piety under Vehumet
 21708 | Orc:2    | Offered knowledge of Spellforged Servitor by Vehumet.
 21711 | Orc:2    | Killed an orc high priest
 21828 | Orc:2    | Noticed an orc high priest
 21835 | Orc:2    | Killed an orc high priest
 21939 | Orc:2    | Noticed an orc high priest
 21952 | Orc:2    | Killed an orc high priest
 22021 | Orc:2    | Gained mutation: You regenerate health from kills. [demonic
                  | ancestry]
 22021 | Orc:2    | Reached XP level 13. HP: 61/99 MP: 12/27
 22303 | Orc:2    | Found Laureest's Antique Weapon Shop.
 22303 | Orc:2    | Found Qoyzuere's Armour Shop.
 22305 | Orc:2    | Found Mizottej's Book Emporium.
 22305 | Orc:2    | Found Okabrire's General Store.
 22598 | Orc:2    | Bought a scroll of acquirement for 624 gold pieces
 22599 | Orc:2    | Acquired the ring "Enyrag" {*Corrode rPois rF+ rC+ Int+3}
 22813 | Lair:1   | Entered Level 1 of the Lair of Beasts
 23982 | Lair:1   | Found a radiant altar of Vehumet.
 24358 | Lair:2   | Reached skill level 11 in Spellcasting
 24683 | Lair:2   | Found a hole to the Spider Nest.
 25880 | Lair:2   | Reached skill level 12 in Spellcasting
 26011 | Lair:3   | Offered knowledge of Bolt of Magma by Vehumet.
 26423 | Lair:3   | Noticed Gastronok
 26503 | Lair:3   | Killed Gastronok
 26660 | Lair:3   | Reached skill level 13 in Spellcasting
 26783 | Lair:3   | Gained mutation: You have razor-sharp toenails. [demonic
                  | ancestry]
 26783 | Lair:3   | Reached XP level 14. HP: 71/106 MP: 26/31
 28622 | Lair:4   | Reached skill level 14 in Spellcasting
 29041 | Lair:4   | Found a staircase to the Shoals.
 29348 | Lair:4   | Learned a level 5 spell: Bolt of Magma
 29963 | Lair:5   | Reached skill level 1 in Shields
 29991 | Lair:5   | Found a staircase to the Slime Pits.
 30596 | Lair:6   | Entered Level 6 of the Lair of Beasts
 30843 | Lair:6   | Reached skill level 5 in Shields
 30969 | Lair:5   | Reached ****** piety under Vehumet
 30969 | Lair:5   | Offered knowledge of Conjure Ball Lightning by Vehumet.
 32141 | Lair:6   | Reached XP level 15. HP: 110/111 MP: 16/33
 33325 | D:13     | Noticed Jorgrun
 33326 | D:13     | Reached skill level 15 in Spellcasting
 33327 | D:13     | Killed Nessos
 33331 | D:13     | Killed Jorgrun
 33697 | D:13     | Offered knowledge of Fireball by Vehumet.
 33893 | D:13     | Reached skill level 16 in Spellcasting
 34520 | D:13     | Found an ornate altar of the Wu Jian Council.
 35346 | D:14     | Offered knowledge of Irradiate by Vehumet.
 35626 | D:14     | Found a glowing silver altar of Zin.
 35801 | D:14     | Noticed Agnes
 35807 | D:14     | Killed Agnes
 35881 | D:14     | Found a runed translucent door.
 36308 | D:15     | Entered Level 15 of the Dungeon
 36878 | D:15     | Reached skill level 17 in Spellcasting
 37489 | D:15     | Reached skill level 5 in Air Magic
 37601 | D:15     | Found a staircase to the Depths.
 37702 | D:15     | Reached XP level 16. HP: 118/118 MP: 29/37
 38479 | Spider:1 | Entered Level 1 of the Spider Nest
 38862 | Spider:1 | Chiseanne: yeah right. stupid fuckers
 38891 | Spider:1 | Offered knowledge of Freezing Cloud by Vehumet.
 39021 | Spider:1 | Learned a level 6 spell: Freezing Cloud
 39059 | Spider:1 | Noticed Azrael
 39070 | Spider:1 | Killed Azrael
 39285 | Spider:1 | Noticed Kirke
 39300 | Spider:1 | Killed Kirke
 39544 | Spider:1 | Identified Roxanne's Guide on Transmigration
 39544 | Spider:1 | Noticed Roxanne
 40609 | Spider:2 | Offered knowledge of Eringya's Noxious Bog by Vehumet.
 40839 | Spider:2 | Reached skill level 10 in Air Magic
 41891 | Spider:3 | Noticed Mara
 41915 | Spider:3 | Noticed Chiseanne's illusion
 42181 | Spider:3 | Noticed Chiseanne's illusion
 42498 | Spider:3 | Noticed Chiseanne's illusion
 42545 | Spider:4 | Entered Level 4 of the Spider Nest
 42584 | Spider:3 | Killed from afar by Mara

Illustrated notes

Levels and vault maps discovered:
D:1:      dpeg_arrival_more_subterranean_lakeside_camping, layout_basic,
          amcnicky_mini_corridor_feature
D:2:      layout_basic
D:3:      layout_basic, lemuel_crystal_altar, hangedman_decor_points
D:4:      layout_loops_ring, grunt_temple_overflow_open, minmay_statues_item
D:5:      layout_rooms, good_gods_temple_1, minmay_temple_entry_waves,
          serial_rivers, chequers_serial_rivers_large_a,
          chequers_serial_rivers_micro_a, chequers_serial_rivers_micro_c,
          chequers_serial_rivers_micro_a, grunt_ministairs_1
D:6:      layout_gridville, kennysheep_mini_moat, serial_shops, shop
D:7:      layout_loops_cross, solitary_fountain
D:8:      layout_basic, minmay_lair_entry_grove, minmay_misc_feat_secret_circle,
          chequers_serial_rivers_micro_d, hangedman_abyss_or_decor_stagger
D:9:      minmay_the_grid_3x2 [minmay_the_grid_plusring, minmay_the_grid_eight,
          minmay_the_grid_dragon_a, minmay_the_grid_tri_star,
          minmay_the_grid_spin_star, minmay_the_grid_prize_inner_circle],
          layout_basic, lemuel_round_altar, marbit_many_paths, bloody_makhleb,
          serial_shops, shop
D:10:     layout_cave_pods
D:11:     layout_cave_pools, portal_ice_cave_entry_imps, uniq_psyche,
          uniq_nergalle
D:12:     gammafunk_beogh_shrine, layout_basic, orc_0_dummy, basic_altar
D:13:     hangedman_cross_stitches, layout_loops_cross, david_vaults_3,
          basic_altar, uniq_jorgrun
D:14:     layout_roguey, zin_angel, minivault_13, uniq_agnes
D:15:     grunt_enter_depths_magical_seal, layout_irregular_city,
          minmay_misc_feat_square, serial_column_ruins,
          column_ruins_circle_small, column_ruins_hut, column_ruins_open_medium,
          column_ruins_open_large, column_ruins_corridor_corner
Temple:   minmay_temple_bridge_abc
Lair:1:   layout_cave_pods, serial_bayou, serial_bayou_ford_a,
          serial_bayou_pond_d, serial_bayou_lake_a, serial_bayou_shore_b,
          serial_bayou_pond_d, basic_altar, beast_lair_carwin_10,
          minmay_lair_oklob_chamber
Lair:2:   layout_chaotic_city, nicolae_spider_entry_non_spiders
Lair:3:   layout_small_grid, eino_house_with_fridge, serial_bayou_shore_b,
          infiniplex_staircase_pool, grunt_megastairs_3, uniq_gastronok
Lair:4:   layout_cave_pods, shoals_dummy_entry, nicolae_quartered_pool_medium,
          grunt_forest_large_clearing_hut, grunt_megastairs_4
Lair:5:   layout_concentric_octagons, nicolae_slime_entry_slimehenge,
          beast_lair_carwin_3
Lair:6:   due_jungle_book, layout_regular_city, grunt_megastairs_2
Spider:1: layout_spider_delve, uniq_roxanne, uniq_kirke, uniq_azrael
Spider:2: layout_spider_delve, nicolae_spider_cling_halls
Spider:3: layout_spider_delve, drop_trap, uniq_mara
Spider:4: spider_rune_water, nicolae_spider_cling_ruins
Orc:1:    layout_diamond_mine, serial_shops, special_room [special_room_orc],
          minmay_orc_temple_b
Orc:2:    st_orc_elflike, layout_diamond_mine, uniq_nessos, uniq_sonja

Skill      XL: |  1  2  3  4  5  6  7  8  9 10 11 12 13 14 15 16 |
---------------+-------------------------------------------------+-----
Conjurations   | 2 3 4 5 7 8 9 10 11 | 11.3
Spellcasting   | 4 5 6 7 8 9 10 13 14 17 | 17.0
Air Magic      | 1 2 3 5 11 | 11.3
Poison Magic   | 1 2 3 5 |  5.0
Fighting       | 2 3 5 6 8 |  8.3
Dodging        | 2 3 5 6 |  6.6
Translocations | 2 4 5 7 |  7.3
Fire Magic     | 3 6 7 |  7.1
Shields        | 7 |  7.5
Stealth        | |  1.7
Summonings     | |  1.0

Action                   |  1- 3 |  4- 6 |  7- 9 | 10-12 | 13-15 | 16-18 || total
-------------------------+-------+-------+-------+-------+-------+-------++-------
Melee: Dagger            |    43 |    37 |    78 |   115 |   166 |   105 ||   544
       Short sword       |       |     7 |    39 |       |       |       ||    46
       Kick              |       |       |       |    47 |    55 |    23 ||   125
Throw: Dart              |       |       |     7 |       |       |       ||     7
 Cast: Magic Dart        |    96 |   156 |   296 |   224 |    73 |    30 ||   875
       Mephitic Cloud    |       |     4 |    35 |    74 |    98 |    63 ||   274
       Blink             |       |       |     5 |     4 |     1 |     3 ||    13
       Iskenderun's Myst |       |       |     5 |    13 |   149 |    44 ||   211
       Searing Ray       |       |       |       |    98 |    65 |    26 ||   189
       Corpse Rot        |       |       |       |     1 |       |       ||     1
       Ignite Poison     |       |       |       |    58 |   162 |    38 ||   258
       Olgreb's Toxic Ra |       |       |       |    48 |   165 |    40 ||   253
       Sticky Flame      |       |       |       |     1 |       |     5 ||     6
       Freezing Cloud    |       |       |       |       |       |    12 ||    12
       Bolt of Magma     |       |       |       |       |       |     1 ||     1
Evoke: Wand              |       |       |       |     5 |     9 |     2 ||    16
       Tin of tremorston |       |       |       |     2 |     3 |       ||     5
  Use: Scroll            |     7 |    13 |     5 |    10 |    11 |     2 ||    48
       Potion            |       |       |     3 |     2 |       |     2 ||     7
 Stab: Confused          |       |     2 |    12 |     4 |     3 |     6 ||    27
       Sleeping          |       |     2 |       |     1 |     2 |       ||     5
Armor: Robe              |     3 |    33 |    41 |    34 |       |       ||   111
       Troll leather arm |       |       |       |       |    99 |    72 ||   171
Dodge: Dodged            |    45 |    68 |   120 |   196 |   343 |   184 ||   956
Block: Tower shield      |       |       |     6 |       |       |       ||     6
       Buckler           |       |       |       |       |    59 |    70 ||   129
